 Dungeon Crawl Stone Soup version 0.31.0-12-g77e489cdc1 (webtiles) character file.

Game seed: 4544109670573966278

124 ChadusMaximus the Caller (level 5, -7/35 HPs)
             Began as a Barachi Summoner on Mar 2, 2024.
             Shot with an arrow by a centaur (13 damage)
             ... on level 3 of the Dungeon.
             The game lasted 00:02:58 (2438 turns).

ChadusMaximus the Caller (Barachi Summoner)         Turns: 2438, Time: 00:02:59

Health: -7/35      AC:  2    Str: 10    XL:     5   Next: 8%
Magic:  10/10      EV: 12    Int: 17    God:
Gold:   144        SH:  0    Dex: 18    Spells: 4/10 levels left

rFire   . . .        l - +0 war axe
rCold   . . .        (no shield)
rNeg    . . .        a - +0 robe
rPois   .            (no helmet)
rElec   .            (no cloak)
rCorr   .            (no gloves)
SInv    .            (no boots)
Will    .....        (no amulet)
Stlth   ++           f - +6 ring of dexterity
HPRegen 0.25/turn    (no ring)
MPRegen 0.12/turn

%: no passive effects
@: unable to call your familiar, very slightly contaminated, slow
A: amphibious, slowness 1, strong legs 1, +LOS
a: Hop


You were on level 3 of the Dungeon.
You visited 1 branch of the dungeon, and saw 4 of its levels.

You collected 144 gold pieces.

Inventory:

Hand Weapons
 g - a +0 dagger
 l - a +0 war axe (weapon)
Armour
 a - a +0 robe (worn)
Jewellery
 f - a +6 ring of dexterity (left hand)
Scrolls
 c - 3 scrolls of identify {unknown}
 e - a scroll of immolation {unknown}
 h - a scroll of butterflies {unknown}
 n - a scroll of torment {unknown}
 o - a scroll of enchant weapon {unknown}
 p - a scroll of fog {unknown}
Potions
 d - 2 potions of enlightenment {unknown}
 i - 4 potions of heal wounds {unknown}
 j - 4 potions of curing {unknown}
 k - a potion of might {unknown}
 m - a potion of haste {unknown}


   Skills:
 - Level 2.2 Dodging
 - Level 1.8 Stealth
 + Level 3.4 Spellcasting
 * Level 6.6 Summonings


You had 4 spell levels left.
You knew the following spells:

 Your Spells              Type           Power      Damage    Failure   Level
a - Summon Small Mammal   Summ           100%       N/A       1%          1
b - Call Canine Familiar  Summ           25%        N/A       3%          3
c - Call Imp              Summ           50%        N/A       1%          2

Your spell library contained the following spells:

 Spells                   Type           Power      Damage    Failure   Level
 Apportation              Tloc           4%         N/A       17%         1
 Necrotise                Necr           8%         1d4       17%         1
 Sting                    Conj/Alch      8%         1d3       17%         1
 Summon Blazeheart Golem  Fire/Summ      14%        N/A       38%         4
 Summon Lightning Spire   Summ/Air       14%        N/A       38%         4
 Sigil of Binding         Hex            2%         N/A       45%         3
 Dimensional Bullseye     Hex/Tloc       1%         N/A       86%         4


Dungeon Overview and Level Annotations

Branches:
Dungeon (4/15)
 Temple: D:4-7

Altars:
Dithmenos
Sif Muna
The Shining One

Shops:
D:3 (


Innate Abilities, Weirdness & Mutations

You are amphibious.
You cover ground slowly.
You can hop short distances.
You have an extended range of vision and can be seen from far away.


Message History

Confirm with . or Enter, or press ? or * to list all spells.
A tiny devil pulls itself out of the air.
The centaur shoots an arrow.
The arrow barely misses you. The arrow hits your cerulean imp!
The centaur shoots an arrow.
The arrow barely misses you. The arrow hits your cerulean imp!
Your cerulean imp dies!
Your cerulean imp disappears in a puff of smoke!
You swap places.
The centaur shoots an arrow.
The arrow hits your inugami.
Your inugami barely misses the centaur.
The centaur shoots an arrow.
The arrow misses your inugami. The arrow closely misses you.
You see here a scroll labelled HIRIQU SISHRA.
Casting: Call Imp (safe; 1% risk of failure)
Confirm with . or Enter, or press ? or * to list all spells.
You miscast Call Canine Familiar.
You are very lightly contaminated with residual magic.
Nothing appears to happen.
The centaur shoots an arrow.
The arrow barely misses your inugami. The arrow hits you!
* * * LOW HITPOINT WARNING * * *
Your inugami hits the centaur.
Casting: Call Canine Familiar (dangerous; 3% risk of failure)
Confirm with . or Enter, or press ? or * to list all spells.
A tiny devil pulls itself out of the air.
Your cerulean imp says, "I bow to your servitude, O grandiloquent and awesome ban!"
The centaur shoots an arrow.
The arrow hits your inugami!
Your inugami barely misses the centaur.
The centaur unwields a +0 shortbow.
The centaur hits your inugami but does no damage.
The centaur misses your inugami.
Casting: Call Imp (safe; 1% risk of failure)
Confirm with . or Enter, or press ? or * to list all spells.
You don't have enough magic to cast this spell.
Magic courses through your body.
Your inugami barely misses the centaur.
The centaur wields a +0 shortbow.
The centaur shoots an arrow.
The arrow hits your inugami!
Your inugami dies!
Your inugami disappears in a puff of smoke!
Casting: Call Imp (safe; 1% risk of failure)
Confirm with . or Enter, or press ? or * to list all spells.
You don't know that spell.
You swap places.
The centaur shoots an arrow.
The arrow hits you!
You die...

#.. ### #. #.. ##
#.# # #.#
##########.#########
#....c§..5..........
#.#######@#.########
#.###...# ### ##
#.##.# ### #.. #.#
#.#####.###.# ##
#......#.##.#
#####.###.#.#
####.## ##... #...##
##.. #.##.## ##.#.


You could see a centaur (ally target) and a friendly cerulean imp (summoned).

Vanquished Creatures
  Jessica (D:2)
  Robin (D:2)
  A dart slug (D:1)
  An orc (D:3)
  6 ball pythons
  7 bats
  4 endoplasms
  3 giant cockroaches
  6 goblins
  3 hobgoblins (D:2)
  A quokka (D:1)
  A frilled lizard (D:1)
  3 kobolds
  4 rats
42 creatures vanquished.

Vanquished Creatures (collateral kills)
  2 adders (D:2)
  4 orcs (D:3)
  An endoplasm (D:1)
  A giant cockroach (D:2)
  A goblin (D:2)
  2 hobgoblins
  A ball python (D:1)
  3 bats
15 creatures vanquished.

Grand Total: 57 creatures vanquished

Notes
Turn   | Place    | Note
-------+----------+-------------------------------------------
     0 | D:1      | ChadusMaximus the Barachi Summoner began the quest for the
                  | Orb.
     0 | D:1      | Reached XP level 1. HP: 13/13 MP: 3/3
   144 | D:1      | Reached skill level 5 in Summonings
   149 | D:1      | Reached XP level 2. HP: 14/19 MP: 0/5
   704 | D:1      | Reached XP level 3. HP: 24/24 MP: 7/7
   961 | D:2      | Learned a level 3 spell: Call Canine Familiar
   964 | D:2      | Learned a level 2 spell: Call Imp
  1153 | D:2      | Found a glowing golden altar of the Shining One.
  1170 | D:2      | Noticed a golden eye
  1171 | D:2      | Found a faded altar of an unknown god.
  1174 | D:2      | Noticed a glass eye
  1174 | D:2      | Noticed a great orb of eyes
  1175 | D:2      | Noticed a glass eye
  1197 | D:2      | Noticed Jessica
  1208 | D:2      | Killed Jessica
  1209 | D:2      | Reached skill level 6 in Summonings
  1209 | D:2      | Reached XP level 4. HP: 15/30 MP: 2/8
  1476 | D:2      | Noticed Robin
  1491 | D:2      | Killed Robin
  1737 | D:2      | You fall into a shaft and drop 2 floors!
  1776 | D:4      | Noticed a phantom
  2023 | D:3      | Found a shadowy altar of Dithmenos.
  2034 | D:3      | Found Muollig's Weapon Boutique.
  2047 | D:3      | Found a shimmering blue altar of Sif Muna.
  2121 | D:3      | Reached XP level 5. HP: 35/35 MP: 10/10
  2427 | D:3      | Noticed a centaur
  2438 | D:3      | Shot with an arrow by a centaur

Illustrated notes

Levels and vault maps discovered:
D:1:      erik_arrival_orb_chamber, layout_basic, minmay_tall_x
D:2:      layout_loops_corners, basic_altar,
          hellmonk_ecumenical_altar_watching_god, uniq_jessica, uniq_robin
D:3:      layout_loops_ring, grunt_dithmenos_smoke_and_mirrors,
          hellmonk_sif_muna_bookshelves, serial_shops, shop
D:4:      minmay_evil_eye, layout_loops_ring

Skill      XL: |  1  2  3 |
---------------+----------+-----
Summonings     | 5 6 |  6.6
Spellcasting   | 3 |  3.4
Dodging        | |  2.2
Stealth        | |  1.8

Action                     |  1- 3 |  4- 6 || total
---------------------------+-------+-------++-------
  Melee: Unarmed           |    52 |       ||    52
         Dagger            |    60 |       ||    60
         War axe           |     7 |    50 ||    57
         Punch             |       |     1 ||     1
   Cast: Summon Small Mamm |    13 |     2 ||    15
         Call Canine Famil |     1 |     5 ||     6
         Call Imp          |     1 |     5 ||     6
    Use: Potion            |       |     1 ||     1
   Stab: Sleeping          |     6 |     2 ||     8
         Distracted        |       |     2 ||     2
 Armour: Robe              |    81 |    51 ||   132
  Dodge: Dodged            |    95 |    56 ||   151
